AoeStats
← 半生孑

Arena

507712529Analyzed
3v3 RM · 11d ago on Sep 19, 2026· 65m 7s· 6 players
Game mode
Random Map
Map size
Normal (6 player)
Population
200
Speed
Normal
Resources
Standard
Victory
Conquest
Starting age
Dark Age
Ending age
Imperial Age
RankedLock teamsTeams togetherTeam positionsShared explorationLock speedFull tech treeHidden civsTurbo modeCheats
Victory
Defeat
1176
+15
🇨🇳 Teutons · China
1168
+15
🇨🇳 Britons · China
1162
+15
🇸🇪 Tupi · Sweden
1229
-18
🇹🇼 Franks · Taiwan
1113
-14
🇦🇹 Turks · Austria
1109
-13
大清第一巴图鲁
11:00 Feudal Age
11:53 Double-Bit Axe
11:52 Horse Collar
14:56 Castle Age
15:56 Bow Saw
16:03 Heavy Plow
17:28 Loom
20:12 Wheelbarrow
21:49 Gold Mining
24:05 Gold Shaft Mining
24:08 Scale Barding Armor
24:13 Forging
24:57 Hand Cart
28:26 Imperial Age
26:50 Chain Barding Armor
27:05 Iron Casting
26:13 Treadmill Crane
26:44 Masonry
28:28 Husbandry
28:38 Bloodlines
29:05 Stone Mining
28:50 Elite Steppe Lancer
30:32 Two-Man Saw
30:43 Plate Barding Armor
31:08 Blast Furnace
31:22 Fletching
32:06 Conscription
32:07 Thunderclap Bombs
31:57 Heavy Rocket Cart
34:14 Chemistry
33:45 Architecture
38:56 Bodkin Arrow
45:57 Hoardings
45:24 Fortified Bastions
46:07 Stone Shaft Mining
45:48 Fortified Bastions
64:35 Spies/Treason
半生孑
6:29 Loom
9:03 Feudal Age
14:55 Fletching
22:26 Castle Age
20:45 Double-Bit Axe
20:44 Horse Collar
21:27 Gold Mining
25:31 Bodkin Arrow
34:40 Heavy Plow
39:38 Imperial Age
36:47 Elite Skirmisher
37:34 Town Watch
38:29 Wheelbarrow
37:42 Town Watch
38:29 Padded Archer Armor
43:01 Ballistics
43:33 Fortified Wall
44:24 Leather Archer Armor
46:28 Hand Cart
47:25 Masonry
47:53 Bow Saw
49:52 Guard Tower
49:49 Arrowslits
52:04 Keep
53:02 Ring Archer Armor
53:33 Guilds
56:03 Two-Man Saw
55:39 Crop Rotation
56:37 Chemistry
56:45 Conscription
57:50 Bombard Tower
57:36 Siege Engineers
59:10 Scale Mail Armor
59:21 Forging
62:14 Chain Mail Armor
851549245
10:58 Feudal Age
15:33 Castle Age
14:02 Double-Bit Axe
14:47 Horse Collar
16:32 Fletching
18:02 Loom
19:27 Bodkin Arrow
21:12 Gold Mining
27:16 Imperial Age
26:12 Gold Shaft Mining
25:35 Stone Mining
28:19 Bracer
29:54 Murder Holes
30:17 Fortified Wall
33:07 Chemistry
33:35 Town Watch
35:16 Ballistics
37:41 Wheelbarrow
41:23 Hand Cart
43:23 Conscription
44:19 Yeomen
51:31 Ballistics
60:40 Elite Longbowman
Beginner
8:20 Loom
10:51 Feudal Age
15:25 Castle Age
13:59 Double-Bit Axe
14:18 Horse Collar
24:11 Imperial Age
22:38 Fletching
22:49 Padded Archer Armor
39:49 Squires
39:34 Arson
40:15 Heavy Plow
40:29 Bow Saw
40:13 Gold Mining
40:14 Stone Mining
41:05 Wheelbarrow
40:15 Town Watch
41:05 Forging
40:57 Scale Mail Armor
40:53 Bodkin Arrow
41:13 Leather Archer Armor
44:22 Hand Cart
60:46 Bracer
61:16 Ring Archer Armor
62:20 Ring Archer Armor
給你舒服
9:50 Feudal Age
8:08 Loom
10:43 Double-Bit Axe
17:51 Castle Age
16:17 Gold Mining
19:03 Bow Saw
22:41 Fletching
24:47 #83
24:42 Scale Mail Armor
25:57 Forging
27:15 Chain Mail Armor
29:41 Ballistics
32:01 Imperial Age
33:06 Elite Throwing Axeman
36:27 Plate Mail Armor
35:53 Bodkin Arrow
36:55 Gold Shaft Mining
36:16 Stone Mining
37:11 Wheelbarrow
37:49 Chemistry
37:29 Iron Casting
37:16 Fortified Wall
51:00 Conscription
56:04 Blast Furnace
Gustavus Adolphus
10:23 Feudal Age
11:45 Loom
14:28 Castle Age
14:06 Double-Bit Axe
19:09 Fletching
23:28 Bodkin Arrow
24:01 Ballistics
26:42 Padded Archer Armor
27:48 Wheelbarrow
28:22 Leather Archer Armor
33:53 Imperial Age
33:35 Hand Cart
35:11 Curare
35:09 Bracer
36:12 Chemistry
35:42 Bow Saw
35:15 Horse Collar
35:58 Gold Mining
36:01 Stone Mining
37:09 Conscription
38:06 Ring Archer Armor
37:51 Heavy Plow
39:43 Two-Man Saw
41:40 Scale Mail Armor
41:50 Forging
42:39 Chain Mail Armor
45:04 Plate Mail Armor
45:33 Squires
45:05 Champi Runner
45:49 Champi Warrior
46:43 Forging
48:17 Iron Casting
47:04 Elite Champi Warrior
47:30 Arson
49:38 Gold Shaft Mining
49:13 Pikeman
51:02 Halberdier
Connection lost

Rejoining the realm…

Still unreachable

The connection could not be restored.

Session expired

The server has moved on; the page needs a fresh start.